Map: Ley Lines

Players

dEYE - Winner!

  • Race: Protoss Protoss
  • League: Master
  • Spawn Location: 7:00

A.I. 1 (Very Easy)

  • Race: Terran Terran
  • Spawn Location: 1:00

VOD

Have the link to the VOD?

Description

Time

  • Played on: July 6, 2025, 11:44 a.m.
  • Length: 10:37
Show
View Real Time Build Order
Export as new Build Order

dEYE Protoss - Winner!

Build Orders: 1 Gate Expand, Phoenix Opening 

Get SALT Encoding   

  12  0:01  Probe  
  13  0:13  Probe  
  14  0:17  Pylon  
  14  0:23  Probe  
  15  0:31  Probe  
  15  0:38  Gateway  
  15  0:40  Probe  
  16  0:48  Assimilator  
  17  0:51  Probe  
  18  1:03  Probe  
  19  1:15  Probe  
  20  1:26  Nexus  
  20  1:37  Cybernetics Core  
  20  1:45  Assimilator  
  20  1:50  Pylon  
  20  1:52  Probe  
  21  2:04  Probe, Adept  
  24  2:16  Probe  
  24  2:21  Stargate  
  25  2:23  Warp Gate  
  25  2:27  Adept  
  25  2:28  Probe  
  28  2:46  Probe  
  29  2:58  Pylon  
  29  2:59  Probe  
  29  3:03  Probe, Phoenix  
  29  3:05  Adept  
  35  3:20  Gateway  
  35  3:22  Gateway  
  35  3:27  Phoenix  
  37  3:38  Probe  
  37  3:39  Probe  
  39  3:50  Probe  
  39  3:51  Probe  
  39  3:52  Phoenix  
  43  4:05  Gateway  
  43  4:08  Assimilator  
  43  4:17  Phoenix  
  45  4:27  Nexus  
  45  4:35  Twilight Council  
  45  4:41  Forge  
  45  4:42  Probe  
  45  4:44  Probe  
  47  4:57  Pylon  
  47  4:59  Phoenix  
  49  5:19  Gateway  
  49  5:22  Gateway  
  49  5:24  Gateway  
  49  5:28  Gateway  
  49  5:31  Protoss Ground Weapons Level 1  
  49  5:33  Gateway  
  49  5:36  Phoenix  
  51  5:48  Probe, Assimilator  
  51  5:49  Probe, Charge  
  53  5:50  Probe  
  53  5:56  Probe  
  54  6:02  Probe x2  
  57  6:04  Probe  
  58  6:16  Assimilator  
  58  6:17  Probe  
  59  6:20  Assimilator  
  59  6:22  Phoenix  
  59  6:23  Protoss Air Weapons Level 1  
  61  6:29  Probe  
  62  6:36  Probe x2  
  64  6:41  Probe  
  65  6:48  Probe x2  
  65  6:53  Probe  
  68  7:00  Probe  
  68  7:01  Probe  
  70  7:05  Probe  
  71  7:19  Probe x3  
  74  7:28  Stargate  
  74  7:31  Probe x3  
  74  7:32  Fleet Beacon  
  77  7:51  Pylon  
  77  7:56  Pylon  
  77  8:00  Pylon  
  77  8:02  Protoss Ground Armor Level 1  
  77  8:06  Pylon  
  77  8:09  Probe x3  
  80  8:13  Phoenix x2  
  84  8:21  Probe x3  
  87  8:31  Protoss Air Armor Level 1  
  87  8:32  Pylon  
  87  8:33  Pylon  
  87  8:53  Phoenix, Anion Pulse-Crystals  
  87  8:54  Phoenix  
  91  9:06  Zealot x5  
  91  9:07  Zealot x4  
  109  9:11  Pylon  
  109  9:16  Pylon  
  109  9:19  Shield Battery  
  109  9:21  Shield Battery  
  109  9:23  Pylon  
  109  9:28  Zealot x8  
  109  9:30  Zealot  
Show
View Real Time Build Order
Export as new Build Order

A.I. 1 (Very Easy) Terran 

Build Orders:  

Get SALT Encoding   

  12  0:00  SCV  
  13  0:13  SCV  
  14  0:18  Supply Depot  
  14  0:37  Refinery  
  14  0:42  Barracks  
  14  1:03  Supply Depot  
  14  1:12  Refinery  
  14  1:29  Barracks Tech Lab  
  14  1:31  Orbital Command  
  16  1:47  Marauder  
  16  1:57  SCV  
  17  2:09  SCV  
  18  2:21  SCV  
  19  2:33  SCV  
  19  2:34  Marine  
  21  2:45  SCV  
  22  2:58  SCV  
  23  3:21  Marine  
  24  6:46  SCV  
  25  6:47  Marine  
  25  6:49  Supply Depot  
  25  6:51  Factory  
  25  6:53  Command Center  
  26  6:58  SCV  
  25  7:10  SCV  
  25  7:12  Supply Depot  
  24  7:18  Marine  
  26  7:22  SCV  
  26  7:35  SCV  
  27  7:41  Starport  
  27  7:50  Marine  
  28  8:06  SCV  
  29  8:14  SCV  
  29  8:15  Refinery  
  29  8:16  Refinery  
  29  8:19  Starport Tech Lab  
  28  8:21  Marine, SCV  
  29  8:28  SCV  
  30  8:35  SCV  
  30  8:40  Raven  
  33  8:42  SCV  
  34  8:49  SCV  
  34  8:53  Marine  
  36  8:57  SCV  
  37  9:04  SCV  
  38  9:11  SCV  
  38  9:14  Raven  
  41  9:18  SCV  
  42  9:24  Marine  
  42  9:26  SCV  
  44  9:33  SCV  
  45  9:40  SCV  
  46  9:47  SCV  
  47  9:54  SCV  
  47  9:56  Marine  
  47  9:57  Raven  
  43  10:02  SCV  
  40  10:09  SCV  
  28  10:16  SCV  
  16  10:23  SCV  
Tags
 
Add a new tag
Caveats
  • Supply blocks, unpowered buildings, or Contaminate may cause inaccurate times.
  • Supply counts are checked every 10 seconds.